Map: World of Sleepers LE

Players

IKEELU - Winner!

  • Race: Terran Terran
  • League: Platinum
  • Spawn Location: 7:00

pHARM

  • Race: Zerg Zerg
  • League: Platinum
  • Spawn Location: 1:00

VOD

Have the link to the VOD?

Description

Time

  • Played on: Aug. 26, 2019, 4:39 p.m.
  • Length: 5:10
Show
View Real Time Build Order
Export as new Build Order

IKEELU Terran - Winner!

Build Orders: Liberator Opening 

Get SALT Encoding   

  12  0:01  SCV  
  13  0:13  SCV  
  14  0:17  Supply Depot  
  14  0:25  SCV  
  15  0:39  SCV  
  15  0:40  Barracks  
  16  0:47  Refinery  
  16  0:51  SCV  
  16  0:56  Refinery  
  17  1:03  SCV  
  18  1:15  SCV  
  19  1:27  Marine  
  19  1:30  SCV, Supply Depot  
  21  1:42  Factory  
  21  1:43  SCV  
  23  1:47  Barracks Reactor  
  22  2:00  Orbital Command  
  22  2:11  Supply Depot  
  22  2:31  Starport  
  22  2:35  SCV  
  23  2:39  Barracks Tech Lab  
  23  2:47  SCV, Hellion x2  
  30  2:58  Marauder  
  30  2:59  SCV  
  31  3:10  Supply Depot  
  31  3:11  SCV  
  32  3:19  Medivac, Marauder, Hellion  
  38  3:31  Medivac  
  38  3:32  SCV  
  38  3:33  Supply Depot  
  41  3:38  Liberator  
  41  3:41  Marauder  
  43  3:47  SCV  
  43  3:48  Hellion  
  49  4:08  Liberator  
  49  4:13  Marauder  
  49  4:16  Command Center  
  51  4:23  SCV  
  54  5:09  Barracks Tech Lab  
Show
View Real Time Build Order
Export as new Build Order

pHARM Zerg 

Build Orders: Hatch First 

Get SALT Encoding   

  12  0:22  Drone  
  13  0:29  Overlord  
  13  0:38  Drone  
  14  0:45  Hatchery  
  14  0:49  Drone  
  14  0:53  Drone  
  15  1:06  Drone x2  
  17  1:16  Drone  
  18  1:27  Drone  
  18  1:30  Spawning Pool  
  18  1:50  Drone  
  18  1:51  Extractor  
  18  1:52  Drone  
  19  2:01  Drone  
  20  2:10  Overlord  
  20  2:11  Overlord x2  
  20  2:30  Drone x3  
  23  2:38  Queen x2, Drone  
  23  2:43  Drone x2  
  30  3:05  Drone x4  
  34  3:35  Queen  
  34  3:36  Pneumatized Carapace  
  34  3:38  Drone  
  34  3:39  Drone x5  
  42  3:47  Overlord x3  
  42  4:01  Extractor  
  42  4:02  Extractor  
  40  4:05  Hatchery  
  40  4:07  Baneling Nest  
  38  4:20  Zergling x10  
Tags
 
Add a new tag
Caveats
  • Supply blocks, unpowered buildings, or Contaminate may cause inaccurate times.
  • Supply counts are checked every 10 seconds.